 Dungeon Crawl Stone Soup version 0.27-a0-1135-g81dfa19a63 (webtiles) character file.

Game seed: 8360177919159382244

6482 DasRunzen the Conjurer (level 10, -4/80 HPs)
             Began as a Demigod Conjurer on May 4, 2021.
             Slain by a gargoyle
             ... wielding a +0 dire flail
              (12 damage)
             ... on level 11 of the Dungeon.
             The game lasted 00:28:23 (13334 turns).

DasRunzen the Conjurer (Demigod Conjurer)          Turns: 13334, Time: 00:28:23

Health: -4/80      AC:  6    Str: 13 (16) XL:     10   Next: 41%
Magic:  20/21      EV: 16    Int: 22 (23) God:
Gold:   371        SH:  6    Dex: 23 (24) Spells: 6/19 levels left

rFire    . . .     SeeInvis .   z - +4 war axe
rCold    . . .     Faith    .   r - +0 buckler of the Doldrums {+Blink rCorr Int+3 Dex+2}
rNeg     . . .     Spirit   .   A - +2 animal skin
rPois    +         Reflect  .   B - +0 helmet
rElec    .         Harm     .   j - +0 cloak
rCorr    +         Rampage  .   (no gloves)
Will     +....     Rnd*Tele +   (no boots)
Stlth    ++........             (no amulet)
HPRegen  0.23/turn              b - ring of poison resistance
MPRegen  0.17/turn              e - +6 ring of dexterity

@: attractive
A: high mp 1, forlorn, teleportitis 1, MP-powered wands
a: Evoke Blink


You were on level 11 of the Dungeon.
You visited 1 branch of the dungeon, and saw 11 of its levels.

You collected 371 gold pieces.

Inventory:

Hand Weapons
 h - a +0 spear of protection
 z - a +4 war axe (weapon)
Missiles
 v - 6 boomerangs of dispersal
 x - a throwing net
 F - 2 atropa-tipped darts
Armour
 j - a +0 cloak (worn)
 r - the +0 buckler of the Doldrums (worn) {+Blink rCorr Int+3 Dex+2}
   (You acquired it on level 6 of the Dungeon)

   It affects your intelligence (+3).
   It affects your dexterity (+2).
   It lets you blink.
   It protects you from acid and corrosion.
 A - a +2 animal skin (worn)
 B - a +0 helmet (worn)
Magical Staves
 k - a staff of fire
 C - a staff of conjuration
Jewellery
 b - a ring of poison resistance (left hand)
 d - a ring of resist corrosion
 e - a +6 ring of dexterity (right hand)
 t - a +4 ring of protection
 y - an amulet of regeneration
 D - a ring of protection from cold
Wands
 a - a wand of iceblast (6)
 s - a wand of flame (53)
Scrolls
 i - a scroll of silence
 p - 2 scrolls of amnesia
 q - 5 scrolls of teleportation
 G - a scroll of enchant armour {unknown}
Potions
 c - 3 potions of might
 f - 2 potions of haste
 g - 5 potions of curing
 l - a potion of magic
 m - a potion of resistance
 n - 2 potions of degeneration
 o - a potion of attraction
 u - 2 potions of flight {unknown}
 w - a potion of brilliance {unknown}
 E - a potion of heal wounds {unknown}


   Skills:
 + Level 4.9 Fighting
 + Level 5.0 Armour
 + Level 5.3 Dodging
 - Level 1.7 Stealth
 + Level 4.7 Shields
 + Level 5.0 Spellcasting
 + Level 6.3 Conjurations
 + Level 4.4 Hexes
 + Level 4.4 Translocations
 + Level 3.7 Fire Magic
 + Level 2.0 Evocations


You had 6 spell levels left.
You knew the following spells:

 Your Spells              Type           Power      Damage    Failure   Level
a - Magic Dart            Conj           100%       1d8       1%          1
b - Searing Ray           Conj           66%        3d5       1%          2
c - Blink                 Tloc           N/A        N/A       2%          2
d - Slow                  Hex            25%        N/A       2%          2
e - Conjure Flame         Conj/Fire      27%        6-21      3%          3
f - Dazzling Flash        Conj/Hex       58%        N/A       3%          3

Your spell library contained the following spells:

 Spells                   Type           Power      Damage    Failure   Level
 Beastly Appendage        Tmut           10%        N/A       10%         1
 Sting                    Tmut/Pois      20%        1d4       10%         1
 Fulminant Prism          Conj/Hex       14%        3d9       11%         4
 Iskenderun's Mystic Bla  Conj/Tloc      29%        2d7       11%         4
 Mephitic Cloud           Conj/Pois/Air  14%        N/A       13%         3
 Call Imp                 Summ           5%         N/A       16%         2
 Poisonous Vapours        Pois/Air       10%        N/A       16%         2
 Wereblood                Tmut           5%         N/A       16%         2
 Ignite Poison            Fire/Tmut/Pois 11%        N/A       19%         3
 Spider Form              Tmut/Pois      2%         N/A       30%         3
 Ice Form                 Ice/Tmut       5%         N/A       69%         4
 Olgreb's Toxic Radiance  Pois           5%         N/A       69%         4
 Hydra Form               Tmut           2%         N/A       95%         5
 Freezing Cloud           Conj/Ice/Air   7%         6-21      100%        6


Dungeon Overview and Level Annotations

Branches:
Dungeon (11/15)            Temple (0/1) D:4            Lair (0/6) D:8
    Orc (0/2) D:10

Annotations:
D:7 2 transporters, Democracy123's ghost, amateur FoFi


Innate Abilities, Weirdness & Mutations

Your attributes grow dramatically as you level up.
You have an increased reservoir of magic. (+10% MP)
You shall have no god before yourself.
You are occasionally teleported next to monsters.
You expend magic power (3 MP) to strengthen your wands.


Message History

Your Spellcasting skill increases to level 5!
Your Evocations skill increases to level 2!
Magic restored.
You feel strangely unstable.
You are suddenly yanked towards a nearby monster!
Your surroundings suddenly seem different.
A gargoyle comes into view. It is wielding a +0 dire flail.
Casting: Slow (safe; 2% risk of failure)
Confirm with . or Enter, or press ? or * to list all spells.
Aiming: Slow (safe; 2% risk of failure)
Press: ? - help, Shift-Dir - straight line, f - gargoyle
Aim: a gargoyle, wielding a +0 dire flail (chance to affect: 50%)
The gargoyle seems to slow down.
You hit the gargoyle but do no damage. The gargoyle completely misses you.
You hit the gargoyle but do no damage.
The gargoyle hurls a stone arrow at you.
The stone arrow hits you!!
You hit the gargoyle.
The gargoyle is moderately damaged.
The gargoyle closely misses you.
You hit the gargoyle but do no damage.
The gargoyle is moderately damaged.
The gargoyle hurls a stone arrow at you.
The stone arrow hits you!
You are too injured to fight recklessly!
You are too injured to fight recklessly!
You are too injured to fight recklessly!
You hit the gargoyle but do no damage.
The gargoyle is moderately damaged.
The gargoyle hits you with a +0 dire flail!!
* * * LOW HITPOINT WARNING * * *
It was a potion of degeneration.
There was something very wrong with that liquid.
You feel weakened.
You feel dopey.
You feel clumsy.
The gargoyle hurls a stone arrow at you.
The stone arrow misses you.
It was a potion of attraction.
You feel attractive to monsters.
The gargoyle hits you with a +0 dire flail!
You die...

#...### #.....#
#.....# .
###.....#
..###.......#
............#
.......9....###
.......@.......
...............
....#####......
... ...... . .....
..... ###' ##
.#################


You could see a gargoyle (slow).

Vanquished Creatures
  A two-headed ogre (D:9)
  Pikel (D:6)
  2 trolls
  Sigmund (D:6)
  3 wyverns
  Grum (D:8)
  An ice beast (D:8)
  2 orc warriors
  3 necrophages
  3 wolves (D:8)
  3 ogres
  3 centaurs
  2 lemures (D:5)
  2 kobold brigands
  3 phantoms
  A scorpion (D:3)
  3 bullfrogs
  A wyvern zombie (D:7)
  A water moccasin zombie (D:5)
  10 killer bees
  10 wights
  7 howler monkeys
  2 centaur zombies
  2 bullfrog skeletons
  A gnoll shaman (D:9)
  4 hounds
  A jelly (D:5)
  2 centaur skeletons
  3 orc priests
  4 iguanas
  11 orc wizards
  A statue (D:7)
  A killer bee zombie (D:7)
  A hound skeleton (D:4)
  5 gnolls (D:9)
  5 adders
  A shadow imp (D:6)
  A white imp (D:6)
  An ufetubus (D:4)
  A worm (D:2)
  4 dart slugs
  32 orcs
  8 endoplasms
  7 giant cockroaches
  5 goblins
  4 hobgoblins (D:1)
  7 jackals
  14 kobolds
  3 quokkas
  11 ball pythons
  4 bats
  6 frilled lizards
  2 rats (D:2)
218 creatures vanquished.

Vanquished Creatures (others)
  A plant (D:4)
1 creature vanquished.

Grand Total: 219 creatures vanquished

Notes
Turn   | Place    | Note
-------+----------+-------------------------------------------
     0 | D:1      | DasRunzen the Demigod Conjurer began the quest for the Orb.
     0 | D:1      | Reached XP level 1. HP: 14/14 MP: 5/5
   404 | D:1      | Reached XP level 2. HP: 22/22 MP: 4/7
   407 | D:1      | Learned a level 2 spell: Searing Ray
  1030 | D:1      | Reached XP level 3. HP: 27/27 MP: 5/8
  1124 | D:1      | Reached skill level 1 in Fighting
  1136 | D:1      | Reached skill level 1 in Armour
  1664 | D:2      | Reached skill level 4 in Conjurations
  1695 | D:2      | Reached XP level 4. HP: 34/35 MP: 10/10
  2894 | D:3      | Reached XP level 5. HP: 16/41 MP: 5/11
  3124 | D:3      | Reached skill level 1 in Shields
  3881 | D:3      | Learned a level 2 spell: Blink
  3884 | D:3      | Learned a level 2 spell: Slow
  4043 | D:4      | Noticed a necrophage
  4065 | D:4      | Killed a necrophage
  4066 | D:4      | Reached XP level 6. HP: 27/48 MP: 1/13
  4483 | D:4      | Reached skill level 1 in Translocations
  4747 | D:4      | Found a staircase to the Ecumenical Temple.
  4796 | D:4      | Reached skill level 1 in Hexes
  4829 | D:4      | Identified the +1 chain mail of Saaj {Rampage Will+}
  5200 | D:5      | Entered Level 5 of the Dungeon
  5267 | D:5      | Reached XP level 7. HP: 56/56 MP: 6/14
  6231 | D:5      | Learned a level 3 spell: Conjure Flame
  6242 | D:6      | Noticed Pikel
  6386 | D:6      | Reached skill level 5 in Conjurations
  6492 | D:6      | Reached XP level 8. HP: 46/63 MP: 10/16
  6706 | D:6      | Killed Pikel
  6707 | D:6      | Reached skill level 1 in Fire Magic
  7006 | D:6      | Noticed Sigmund
  7012 | D:6      | Killed Sigmund
  7498 | D:6      | Learned a level 3 spell: Dazzling Flash
  7500 | D:6      | Identified a scroll of acquirement
  7500 | D:6      | Acquired the +0 buckler of the Doldrums {+Blink rCorr Int+3
                  | Dex+2}
  7585 | D:7      | Noticed Democracy123's ghost (amateur FoFi)
  7601 | D:7      | Found a transporter.
  7695 | D:7      | Noticed a moth of wrath
  7707 | D:7      | Found a transporter.
  8081 | D:7      | Reached XP level 9. HP: 42/70 MP: 12/18
  8815 | D:8      | Gained mutation: You are occasionally teleported next to
                  | monsters. [potion of mutation]
  8815 | D:8      | Gained mutation: You expend magic power (3 MP) to
                  | strengthen your wands. [potion of mutation]
  9924 | D:8      | Noticed Grum
  9966 | D:8      | Killed Grum
 10167 | D:8      | Found a staircase to the Lair.
 10686 | D:9      | Reached skill level 6 in Conjurations
 11000 | D:9      | Noticed a two-headed ogre
 11017 | D:9      | Killed a two-headed ogre
 11018 | D:9      | Reached skill level 5 in Dodging
 11018 | D:9      | Reached skill level 1 in Evocations
 11018 | D:9      | Reached XP level 10. HP: 23/80 MP: 1/20
 11991 | D:10     | Entered Level 10 of the Dungeon
 13043 | D:10     | Found a staircase to the Orcish Mines.
 13173 | D:11     | Reached skill level 5 in Armour
 13283 | D:11     | Reached skill level 5 in Spellcasting
 13334 | D:11     | Slain by a gargoyle

Illustrated notes

Levels and vault maps discovered:
D:1:      dpeg_arrival_lava_temple_mockup, layout_loops_ring,
          hangedman_feature_mirror
D:2:      layout_loops_corners, basic_altar
D:3:      layout_loops_ring, old_standard_altar
D:4:      layout_rooms, grunt_temple_overflow_open,
          minmay_temple_entry_overgrown, interstate_on_off
D:5:      layout_basic, nicolae_tso_carved_into_rock, hex_intersection
D:6:      layout_cave_pods, serial_glass, glass_columns_a, glass_columns_a,
          uniq_pikel, uniq_sigmund
D:7:      layout_rooms, vehumet_statue, gammafunk_ghost_berserking_beasts,
          grunt_ministairs_2, minmay_fractal_squares_gapless_5
D:8:      layout_basic, lemuel_coloured_pillars_altar, lair_entry_dummy,
          uniq_grum
D:9:      layout_roguey
D:10:     layout_loops_ring, orc_0_dummy
D:11:     layout_irregular_city, nicolae_ru_great_annihilating_truth

Skill      XL: |  1  2  3  4  5  6  7  8  9 10 |
---------------+-------------------------------+-----
Dodging        | 2 3 4 5 |  5.3
Spellcasting   | 2 3 4 5 |  5.0
Fighting       | 1 2 3 4 |  4.9
Armour         | 1 2 3 4 5 |  5.0
Conjurations   | 4 5 6 |  6.3
Shields        | 1 2 3 4 |  4.7
Translocations | 1 2 3 4 |  4.4
Hexes          | 1 2 3 4 |  4.4
Fire Magic     | 2 3 |  3.7
Evocations     | 1 2 |  2.0
Stealth        | |  1.7

Action                   |  1- 3 |  4- 6 |  7- 9 | 10-12 || total
-------------------------+-------+-------+-------+-------++-------
Melee: Spear             |    33 |    90 |   101 |       ||   224
       War axe           |       |       |    16 |    70 ||    86
       Staff             |       |       |     3 |       ||     3
 Cast: Magic Dart        |    51 |     9 |     4 |     3 ||    67
       Searing Ray       |     2 |    21 |    57 |    18 ||    98
       Conjure Flame     |       |       |     2 |     6 ||     8
       Blink             |       |       |     2 |       ||     2
       Slow              |       |       |       |     2 ||     2
  Use: Scroll            |     2 |     6 |     6 |       ||    14
       Potion            |       |     2 |     1 |     2 ||     5
 Stab: Sleeping          |     3 |     3 |     2 |     2 ||    10
Armor: Robe              |     4 |    29 |    54 |       ||    87
       Animal skin       |       |       |     9 |    22 ||    31
Dodge: Dodged            |    17 |    75 |   158 |    86 ||   336
Block: Buckler           |       |       |    51 |    35 ||    86

Table legend: (Time is in decaauts)
 A = Elapsed time spent in this place.
 B = Non-inter-level travel time spent in this place.
 C = Inter-level travel time spent in this place.
 D = Time resting spent in this place.
 E = Time spent auto-exploring this place.
 F = Levels seen in this place.
 G = Mean time per level.
                   A        B        C        D        E       F      G
               +--------+--------+--------+--------+--------+-----+--------+
         Total |  13394 |  13086 |    308 |   2485 |   8786 |  11 | 1217.6 |
       Dungeon |  13394 |  13086 |    308 |   2485 |   8786 |  11 | 1217.6 |
               +--------+--------+--------+--------+--------+-----+--------+

Top non-repeatable levels by time:
     D:9: 1736 daAuts
     D:8: 1602 daAuts
     D:1: 1364 daAuts
     D:2: 1364 daAuts
     D:3: 1315 daAuts
     D:6: 1205 daAuts
    D:10: 1172 daAuts
     D:4: 1165 daAuts
     D:5: 1150 daAuts
     D:7: 1128 daAuts
    D:11: 189 daAuts
